 Dungeon Crawl Stone Soup version 0.19.0-9-gfd783f2 (webtiles) character file.

19281 LORDOFBUTT the Severer (level 12, -8/111 HPs)
             Began as a Minotaur Berserker on Nov 7, 2016.
             Was a High Priest of Trog.
             Incinerated by a smoke demon (10 damage)
             ... with a sticky flame
             ... on level 2 of the Orcish Mines.
             The game lasted 00:23:17 (12213 turns).

LORDOFBUTT the Severer (Minotaur Berserker)        Turns: 12213, Time: 00:23:18

Health: -8/111     AC: 11    Str: 24    XL:     12   Next: 35%
Magic:  11/11      EV: 17    Int:  7    God:    Trog [*****.]
Gold:   818        SH:  0    Dex: 13    Spells: 0 memorised, 11 levels left

rFire  . . .     SeeInvis .     K - +3 war axe "Zixteot" {drain, Int+3}
rCold  + . .     Gourm    .     L - +1 ring mail {rPois}
rNeg   + . .     Faith    .     (no shield)
rPois  +         Spirit   .     (helmet restricted)
rElec  .         Reflect  .     (no cloak)
rCorr  .         Harm     .     G - +0 pair of gloves
MR     .....                    J - +0 pair of boots
Stlth  +.........               (no amulet)
                                r - ring of positive energy
                                q - ring of protection from cold

@: exhausted, liquid flames, slowed, glowing, very slow
A: retaliatory headbutt, horns 2
a: Berserk, Trog's Hand, Brothers in Arms, Burn Spellbooks, Renounce Religion


You were on level 2 of the Orcish Mines.
You worshipped Trog.
Trog was extremely pleased with you.
You were not hungry.

You visited 2 branches of the dungeon, and saw 13 of its levels.
You also visited: Sewer.

You collected 1081 gold pieces.
You spent 263 gold pieces at shops.

Inventory:

Hand Weapons
 p - a +4 antimagic executioner's axe
 s - a +0 blowgun
 C - a +2 war axe of electrocution
 I - a +0 war axe
 K - the +3 war axe "Zixteot" (weapon) {drain, Int+3}
   (You bought it in a shop on level 2 of the Orcish Mines)

   A truly terrible weapon, it drains the life of those it strikes.
   It affects your intelligence (+3).
Missiles
 l - 92 poisoned needles
 H - 7 needles of sleeping
 Q - 4 curare-tipped needles
Armour
 G - a +0 pair of gloves (worn)
 J - a +0 pair of boots (worn)
 L - a +1 ring mail of poison resistance (worn)
Jewellery
 q - a ring of protection from cold (left hand)
 r - a ring of positive energy (right hand)
Wands
 a - a wand of polymorph (17/24)
 M - a wand of acid (5/15)
Scrolls
 f - 2 scrolls of amnesia {unknown}
 m - a scroll of blinking {unknown}
 n - 3 scrolls of enchant armour {unknown}
 o - 3 scrolls of recharging
 t - 4 scrolls of fog
 u - 2 scrolls of teleportation {unknown}
 y - 2 scrolls of immolation {unknown}
 B - 3 scrolls of remove curse
 D - a scroll of fear {unknown}
 F - a scroll of identify
 O - a scroll of silence {unknown}
 P - a scroll of acquirement {unknown}
Potions
 b - 5 potions of lignification
 d - a potion of berserk rage {unknown}
 e - 2 potions of cure mutation
 g - 7 potions of curing
 h - a potion of degeneration {unknown}
 j - a potion of magic {unknown}
 k - 2 potions of ambrosia
 v - a potion of resistance {unknown}
 w - a potion of brilliance {unknown}
 x - a potion of agility {unknown}
 z - a potion of cancellation {unknown}
 A - a potion of invisibility {unknown}
 E - 4 potions of flight
Comestibles
 c - a bread ration
 i - 3 fruits
 N - a royal jelly


   Skills:
 + Level 11.7 Fighting
 * Level 15.3 Axes
 + Level 11.0 Armour
 + Level 10.1 Dodging
 - Level 0.5 Stealth


You had 11 spell levels left.
You didn't know any spells.

Dungeon Overview and Level Annotations

Branches:
Dungeon (11/15)            Temple (0/1) D:5            Lair (0/6) D:11
    Orc (2/2) D:10
    Elf: Orc:2

Altars:
Cheibriados
Elyvilon
Hepliaklqana
Kikubaaqudgha
Okawaru
Qazlal
Sif Muna
Uskayaw
Zin
The Shining One
Beogh

Shops:
D:6 =   Orc:2 *(=


Innate Abilities, Weirdness & Mutations

You reflexively headbutt those who attack you in melee.
You have a pair of horns on your head.


Message History

You are no longer berserk.
You are exhausted.
You feel yourself slow down.
The orc wizard gestures wildly while chanting.
The orc wizard flickers and vanishes!
Deactivating autopickup; reactivate with Ctrl-A.
The soul eater draws from the surrounding life force!
* * * LOW HITPOINT WARNING * * *
Items here: ))))) [[[[[ †††
Okay, then.
Okay, then.
You are covered in liquid flames!
* * * LOW HITPOINT WARNING * * *
The orc knight roars a battlecry!
The orc sorcerer gestures at you while chanting.
The bolt of fire misses you.
Your deep troll goes berserk!
You feel quite a bit more hungry.
You are covered in liquid flames!
You die...

...# ......#.#
..... .....#...#
.....#####.........
.......8...#......
.....o4o.§§#..#...
_...4o43.......#
.....3o)o)§....##
.....o.8)))#....#
....o#####)@...##
.... #....### ...
#.T..## ### ..
##..#.## ###.## .
#.....# ##....#
#....## #.....##
#..∩..### ##.#...#
#.....#.## #.....##
##.......# #.....##


You could see an orc warlord, an orc knight, a soul eater, an orange demon, a
rust devil, a smoke demon, a chaos spawn, 2 orc sorcerers, an orc warrior, an
orc wizard and a friendly deep troll (berserk).

Vanquished Creatures
  An ettin (Orc:2)
  Erica (D:8)
  Urug (Orc:1)
  2 hill giants
  Pikel (D:6)
  The ghost of Tymir the Chiller, a novice DrIE (D:5)
  2 cyclopes (D:11)
  Maurice (D:9)
  Joseph (D:8)
  2 centaur zombies (D:10)
  Psyche (D:8)
  A gargoyle (D:11)
  A komodo dragon (D:10)
  4 trolls
  A two-headed ogre (D:10)
  A hornet (D:9)
  A hippogriff (D:10)
  2 basilisks
  9 yaks
  A hungry ghost (D:10)
  A hill giant zombie (D:10)
  Grum (D:8)
  Menkaure (D:7)
  A warg (Orc:1)
  The ghost of WimpyRanger the Skirmisher, an amateur TeWn (D:4)
  A water moccasin (D:11)
  A porcupine (D:11)
  3 ice beasts
  2 sky beasts
  An eye of draining (D:11)
  20 orc warriors
  4 slaves (D:6)
  A black bear (D:6)
  4 phantoms
  3 wolves (D:8)
  5 ogres
  4 centaurs
  5 crocodiles (D:11)
  A big kobold (Sewer)
  4 bullfrogs
  A scorpion (D:8)
  6 killer bees (D:7)
  6 wights
  4 howler monkeys
  An electric eel (D:7)
  5 crimson imps
  2 lava snakes (D:9)
  2 quasits
  2 bullfrog skeletons
  8 orc priests
  4 centaur skeletons
  4 jellies
  10 hounds
  6 iguanas
  11 orc wizards
  9 worker ants
  A killer bee zombie (D:5)
  5 ogre zombies (D:10)
  The ghost of CompileTime the Skirmisher, a weakling DsCK of Xom (D:3)
  3 hound skeletons
  A howler monkey zombie (D:11)
  A worker ant zombie (D:6)
  15 adders
  A river rat (D:11)
  4 shadow imps
  2 oozes
  A worm (D:2)
  2 dart slugs
  3 leopard geckos
  40 orcs
  A ball python (D:3)
  5 giant cockroaches
  3 goblins
  11 hobgoblins
  13 jackals
  12 kobolds
  4 quokkas
  10 bats
  4 frilled lizards
  A goblin zombie (D:10)
  2 hobgoblin skeletons (D:10)
  3 hobgoblin zombies (D:10)
  4 orc skeletons (D:10)
  14 orc zombies
  A quokka skeleton (D:6)
  A quokka zombie (D:6)
  10 rats
359 creatures vanquished.

Vanquished Creatures (collateral kills)
  A basilisk (D:11)
  A porcupine (D:11)
  A phantom (D:10)
  2 troll zombies (D:10)
  An iguana (D:11)
  A quokka (D:11)
7 creatures vanquished.

Vanquished Creatures (others)
  A fungus (D:11)
  A plant (D:11)
2 creatures vanquished.

Grand Total: 368 creatures vanquished

Notes
Turn   | Place    | Note
-------+----------+-------------------------------------------
     0 | D:1      | LORDOFBUTT the Minotaur Berserker began the quest for the Orb.
     0 | D:1      | Reached XP level 1. HP: 19/19 MP: 0/0
   361 | D:1      | Reached XP level 2. HP: 26/27 MP: 1/1
   367 | D:1      | Reached skill level 4 in Axes
   715 | D:2      | Found a deep blue altar of Sif Muna.
   721 | D:2      | Reached XP level 3. HP: 26/33 MP: 2/2
   732 | D:2      | Found a hazy altar of Hepliaklqana.
   734 | D:2      | Found a hide-covered altar of Uskayaw.
   734 | D:2      | Found a stormy altar of Qazlal.
   734 | D:2      | Found a snail-covered altar of Cheibriados.
   735 | D:2      | Found an iron altar of Okawaru.
  1223 | D:2      | Reached XP level 4. HP: 26/41 MP: 3/3
  1382 | D:2      | Reached ** piety under Trog
  1382 | D:2      | Reached skill level 5 in Axes
  1464 | D:3      | Noticed CompileTime's ghost (weakling DsCK)
  1472 | D:3      | Killed CompileTime's ghost
  1667 | D:3      | Reached skill level 5 in Fighting
  1667 | D:3      | Reached XP level 5. HP: 37/48 MP: 4/4
  1989 | D:4      | Noticed WimpyRanger's ghost (amateur TeWn)
  2000 | D:4      | Killed WimpyRanger's ghost
  2000 | D:4      | Reached skill level 6 in Axes
  2000 | D:4      | Reached XP level 6. HP: 34/56 MP: 5/5
  2643 | D:5      | Entered Level 5 of the Dungeon
  2659 | D:5      | Noticed Tymir's ghost (novice DrIE)
  2662 | D:5      | Noticed an ice beast
  2669 | D:5      | Killed Tymir's ghost
  2669 | D:5      | Reached skill level 7 in Axes
  2669 | D:5      | Reached XP level 7. HP: 63/63 MP: 6/6
  2849 | D:5      | Found a staircase to the Ecumenical Temple.
  2904 | D:5      | Reached skill level 5 in Armour
  3083 | D:5      | Found an ancient bone altar of Kikubaaqudgha.
  3339 | D:5      | Reached *** piety under Trog
  3461 | D:6      | Found Xerhiof's Jewellery Shop.
  3479 | D:6      | Found a glowing drain.
  3484 | D:6      | Reached XP level 8. HP: 71/71 MP: 7/7
  3505 | Sewer    | Entered a sewer
  3593 | Sewer    | Reached skill level 8 in Axes
  3631 | Sewer    | Found a white marble altar of Elyvilon.
  3767 | D:6      | Noticed Pikel
  3772 | D:6      | Reached skill level 5 in Dodging
  3788 | D:6      | Killed Pikel
  3788 | D:6      | Reached skill level 9 in Axes
  4542 | D:6      | Reached XP level 9. HP: 61/80 MP: 8/8
  4551 | D:6      | Gained mutation: Armour fits poorly on your strangely shaped body. [mutagenic meat]
  4552 | D:6      | Gained mutation: You are weak. (Str -2) [mutagenic meat]
  4552 | D:6      | Lost mutation: Armour fits poorly on your strangely shaped body. [potion of cure mutation]
  4552 | D:6      | Lost mutation: You are weak. (Str -2) [potion of cure mutation]
  4759 | D:7      | Reached **** piety under Trog
  4776 | D:7      | Reached skill level 10 in Axes
  5143 | D:7      | Noticed Menkaure
  5149 | D:7      | Killed Menkaure
  5924 | D:8      | Gained mutation: You are weak. (Str -2) [mutagenic meat]
  5925 | D:8      | Gained mutation: You possess an exceptional clarity of mind. [mutagenic meat]
  5926 | D:8      | Lost mutation: You possess an exceptional clarity of mind. [mutagenic meat]
  5927 | D:8      | Lost mutation: You are weak. (Str -2) [mutagenic meat]
  5954 | D:8      | Noticed Grum
  5962 | D:8      | Killed Grum
  5964 | D:8      | Reached skill level 11 in Axes
  6061 | D:8      | Noticed Psyche
  6075 | D:8      | Killed Psyche
  6075 | D:8      | Reached XP level 10. HP: 46/90 MP: 9/9
  6592 | D:8      | Noticed Joseph
  6611 | D:8      | Killed Joseph
  6611 | D:8      | Received a gift from Trog
  6909 | D:8      | Noticed Erica
  6920 | D:8      | Killed Erica
  6920 | D:8      | Reached skill level 12 in Axes
  7344 | D:9      | Noticed a hill giant
  7356 | D:9      | Killed a hill giant
  7399 | D:9      | Noticed Maurice
  7461 | D:9      | Killed Maurice
  7519 | D:9      | Reached ***** piety under Trog
  7657 | D:9      | Found a white marble altar of Elyvilon.
  7657 | D:9      | Found a glowing golden altar of the Shining One.
  7658 | D:9      | Found a glowing silver altar of Zin.
  7675 | D:9      | Paralysed by a hornet for 3 turns
  7676 | D:9      | Upgraded the game from 0.19.0-2-gae57169 to 0.19.0-9-gfd783f2
  8484 | D:10     | Entered Level 10 of the Dungeon
  8494 | D:10     | Reached skill level 10 in Fighting
  8573 | D:10     | Reached skill level 13 in Axes
  8592 | D:10     | Reached XP level 11. HP: 99/99 MP: 10/10
  9327 | D:10     | Received a gift from Trog
  9345 | D:10     | Found a staircase to the Orcish Mines.
  9363 | D:10     | HP: 2/101 [troll zombie (6)]
  9988 | D:10     | Reached skill level 10 in Armour
 10074 | D:11     | Reached skill level 14 in Axes
 10323 | D:11     | Noticed a hill giant
 10331 | D:11     | Killed a hill giant
 10472 | D:11     | HP: 4/102 [crocodile (11)]
 10474 | D:11     | HP: 1/102 [crocodile (3)]
 10491 | D:11     | HP: 2/102 [basilisk (14)]
 10511 | D:11     | Found a staircase to the Lair.
 10984 | D:11     | Received a gift from Trog
 10989 | D:11     | Reached XP level 12. HP: 88/110 MP: 11/11
 11291 | Orc:1    | Entered Level 1 of the Orcish Mines
 11615 | Orc:1    | Noticed Urug
 11624 | Orc:1    | Killed Urug
 11624 | Orc:1    | Reached skill level 15 in Axes
 11757 | Orc:2    | Entered Level 2 of the Orcish Mines
 11757 | Orc:2    | Noticed an ettin
 11770 | Orc:2    | Killed an ettin
 11770 | Orc:2    | Reached skill level 10 in Dodging
 11774 | Orc:2    | Found Serapp's Antique Weapon Shop.
 11995 | Orc:2    | Found Eriwyero's Jewellery Emporium.
 12030 | Orc:2    | Bought a shimmering war axe for 263 gold pieces
 12030 | Orc:2    | Identified the +3 war axe "Zixteot" {drain, Int+3} (You bought it in a shop on level 2 of the Orcish Mines)
 12155 | Orc:2    | Found Vacsoi's General Store.
 12200 | Orc:2    | Noticed an orc warlord
 12202 | Orc:2    | Found a roughly hewn altar of Beogh.
 12202 | Orc:2    | Paralysed by an orc sorcerer for 6 turns
 12212 | Orc:2    | HP: 1/111 [burnt (9)]
 12213 | Orc:2    | Incinerated by a smoke demon

Skill      XL: |  1  2  3  4  5  6  7  8  9 10 11 12 |
---------------+-------------------------------------+-----
Fighting       | 4 5 6 7 8 10 11 | 11.7
Axes           | 4 5 6 7 9 11 13 14 15 | 15.3
Armour         | 3 4 5 6 8 9 10 11 | 11.0
Dodging        | 3 4 5 7 8 9 10 | 10.1
Stealth        | |  0.5

Action                   |  1- 3 |  4- 6 |  7- 9 | 10-12 || total
-------------------------+-------+-------+-------+-------++-------
Melee: Hand axe          |    74 |   120 |   251 |       ||   445
       Headbutt          |    11 |    16 |    47 |   126 ||   200
       War axe           |       |       |    74 |   455 ||   529
       Executioner's axe |       |       |       |    56 ||    56
Invok: Berserk           |       |     2 |     3 |    15 ||    20
       Burn Spellbooks   |       |       |       |     1 ||     1
       Brothers in Arms  |       |       |       |     3 ||     3
  Use: Scroll            |       |       |     6 |     8 ||    14
       Potion            |       |       |     1 |     2 ||     3
 Stab: Sleeping          |     1 |       |       |       ||     1
  Eat: Chunk             |     1 |     4 |    16 |    11 ||    32
       Beef jerky        |       |     1 |       |     1 ||     2
       Bread ration      |       |       |     2 |     2 ||     4
       Fruit             |       |       |       |     4 ||     4
       Pizza             |       |       |       |     2 ||     2
       Meat ration       |       |       |       |     1 ||     1
Armor: Animal skin       |     9 |       |       |       ||     9
       Scale mail        |     8 |    48 |   106 |     6 ||   168
       Ring mail         |       |       |       |   142 ||   142
Dodge: Dodged            |    31 |    73 |   169 |   310 ||   583
